 Dungeon Crawl Stone Soup version 0.22-a0-240-g539252a (webtiles) character file.

13 tidbits the Insei (level 2, 0/29 HPs)
             Began as a Gnoll Monk on Feb 21, 2018.
             Slain by Pikel
             ... wielding a +1 whip of flaming
              (1 damage)
             ... on level 4 of the Dungeon.
             The game lasted 00:01:51 (215 turns).

tidbits the Insei (Gnoll Monk)                       Turns: 215, Time: 00:01:52

Health: 0/29       AC:  2    Str: 13    XL:     2   Next: 37%
Magic:  2/2        EV: 16    Int: 12    God:
Gold:   75         SH:  0    Dex: 17    Spells: 1/1 levels left

rFire    . . .     SeeInvis .     - Unarmed
rCold    . . .     Gourm    .   (no shield)
rNeg     . . .     Faith    .   a - +0 robe
rPois    .         Spirit   .   (no helmet)
rElec    .         Reflect  .   (no cloak)
rCorr    .         Harm     .   (no gloves)
MR       .....                  (no boots)
Stlth    +++.......             (no amulet)
HPRegen  0.09/turn              (no ring)
MPRegen  0.08/turn              (no ring)

@: no status effects
A: distributed training, fangs 1, strong nose
a: no special abilities


You were on level 4 of the Dungeon.
You were full.

You visited 1 branch of the dungeon, and saw 5 of its levels.

You collected 75 gold pieces.

Inventory:

Missiles
 d - 3 javelins (quivered)
Armour
 a - a +0 robe (worn)
Comestibles
 b - a ration


   Skills:
 + Level 6.4 Fighting
 + Level 0.3 Short Blades
 + Level 0.3 Long Blades
 + Level 0.3 Axes
 + Level 0.3 Maces & Flails
 + Level 0.3 Polearms
 + Level 0.3 Staves
 + Level 0.3 Slings
 + Level 0.3 Bows
 + Level 0.3 Crossbows
 + Level 0.3 Throwing
 + Level 0.3 Armour
 + Level 6.4 Dodging
 + Level 4.0 Stealth
 + Level 0.3 Shields
 + Level 6.4 Unarmed Combat
 + Level 0.3 Spellcasting
 + Level 0.2 Conjurations
 + Level 0.2 Hexes
 + Level 0.2 Charms
 + Level 0.2 Summonings
 + Level 0.2 Necromancy
 + Level 0.2 Translocations
 + Level 0.2 Transmutations
 + Level 0.2 Fire Magic
 + Level 0.2 Ice Magic
 + Level 0.2 Air Magic
 + Level 0.2 Earth Magic
 + Level 0.2 Poison Magic
 + Level 0.4 Invocations
 + Level 0.3 Evocations


You had one spell level left.
You didn't know any spells.

Dungeon Overview and Level Annotations

Branches:
Dungeon (5/15)
 Temple: D:4-7

Altars:

Annotations:
D:4 Pikel


Innate Abilities, Weirdness & Mutations

Your experience applies equally to all skills.
You have very sharp teeth.
Your uncanny sense of smell can sniff out nearby items.


Message History

You kill the jackal!
You open the door.
There is an open door here.
Found 7 javelins.
You see here 7 javelins.
d - 7 javelins 2 slaves come into view.
What are your orders? t - Bark!
Orders for allies: a - Attack new target. r - Retreat! s - Stop attacking. g - Guard the area. f - Follow me.
Anything else - Cancel.
You bark for attention!
The slave shouts!
You hear a shout! x3
Pikel the Slaver comes into view.
He is wielding a whip of flaming.
Throwing (i - inventory)
d - 7 javelins (quivered)
Press: ? - help, Shift-Dir - straight line, f - Pikel
Aim: Pikel, wielding a whip of flaming and wearing a robe You throw a javelin.
The javelin hits the slave but does no damage.
It was a potion of cancellation.
You feel magically purged. The slave completely misses you.
Throwing (i - inventory)
d - 6 javelins (quivered)
Press: ? - help, Shift-Dir - straight line, f - slave, p - Pikel
Aim: a slave, wearing an animal skin You throw a javelin.
The javelin barely misses the slave.
The javelin closely misses Pikel.
The javelin hits the slave!
The slave is moderately wounded.
The slave barely misses you. The slave hits you.
A slave comes into view.
Throwing (i - inventory)
d - 5 javelins (quivered)
Press: ? - help, Shift-Dir - straight line, f - slave, p - slave
Aim: a slave, wearing an animal skin You throw a javelin.
The javelin barely misses the slave.
The javelin hits Pikel.
Pikel is lightly wounded.
The slave closely misses you.
Throwing (i - inventory)
d - 4 javelins (quivered)
Press: ? - help, Shift-Dir - straight line, f/p - slave
Aim: a slave, wearing an animal skin You throw a javelin.
The javelin barely misses the slave.
The javelin hits Pikel but does no damage.
Pikel is lightly wounded.
The slave hits you.
Unknown command.
Press: ? - help, v - describe, . - travel
Here: Pikel, wielding a whip of flaming and wearing a robe (lightly wounded)
The floor.
You hit Pikel.
Pikel is lightly wounded.
You closely miss Pikel. Your bite misses Pikel.
Pikel is lightly wounded.
Pikel misses you.
You hit Pikel but do no damage.
Pikel is lightly wounded.
Pikel misses you.
You punch Pikel! You bite Pikel.
Pikel is moderately wounded.
Pikel closely misses you.
You barely miss Pikel.
Pikel is moderately wounded.
Pikel closely misses you.
You hit Pikel but do no damage.
Pikel is moderately wounded.
Pikel closely misses you.
You barely miss Pikel.
Pikel is moderately wounded.
Pikel hits you with a whip of flaming!
* * * LOW HITPOINT WARNING * * *
Pikel burns you.
* * * LOW HITPOINT WARNING * * *
You hit Pikel.
Pikel is heavily wounded.
Pikel hits you with a whip of flaming.
* * * LOW HITPOINT WARNING * * *
Pikel burns you.
* * * LOW HITPOINT WARNING * * *
You aren't carrying any potions.
Unknown command.
You hit Pikel but do no damage.
Pikel is heavily wounded.
You barely miss Pikel.
Pikel is heavily wounded.
Pikel closely misses you.
You hit Pikel.
Pikel is heavily wounded.
Pikel misses you.
You hit Pikel.
Pikel is heavily wounded.
Pikel barely misses you.
You closely miss Pikel.
Pikel is heavily wounded.
Pikel says, "You'll fetch a fair price!"
Pikel barely misses you.
You hit Pikel but do no damage.
Pikel is heavily wounded.
Pikel hits you with a whip of flaming.
* * * LOW HITPOINT WARNING * * *
Pikel burns you.
You die...

. ### #.##.##
##########
#.#...###........#
#.........######@#
###...##### #K#
##.## #p# #.# #p#
#.# .p. ##'## #.#
##...## #.#
##.....## #.#
#....>..##


You could see Pikel and 3 slaves.

Vanquished Creatures
  A leopard gecko (D:2)
  An orc (D:3)
  2 goblins
  A hobgoblin (D:1)
  A jackal (D:4)
  A bat (D:1)
  A frilled lizard (D:3)
  3 rats
11 creatures vanquished.

Notes
Turn   | Place    | Note
-------+----------+-------------------------------------------
     0 | D:1      | tidbits the Gnoll Monk began the quest for the Orb.
     0 | D:1      | Reached XP level 1. HP: 23/23 MP: 1/1
    44 | D:2      | Reached XP level 2. HP: 25/29 MP: 2/2
   169 | D:5      | Entered Level 5 of the Dungeon
   169 | D:5      | Noticed a howler monkey
   194 | D:4      | Noticed a slave
   194 | D:4      | Noticed a slave
   197 | D:4      | Noticed Pikel
   200 | D:4      | Noticed a slave
   215 | D:4      | HP: 1/29 [Pikel/whip of flaming (2)]
   215 | D:4      | Slain by Pikel

Vault maps used:
D:1:      dpeg_arrival_arbitrary_c, minivault_19
D:2:      uniq_crazy_yiuf_cottage
D:3:      first_ration
D:4:      old_standard_altar, kennysheep_mini_moat, minmay_temple_entry_hall,
          makhleb_heckhound_becter, uniq_pikel
D:5:      lemuel_blue_sif_altar

Action                   || total
-------------------------++-------
Melee: Unarmed           ||    38
       Bite              ||     3
Throw: Javelin           ||     4
  Use: Potion            ||     1
 Stab: Sleeping          ||     2
  Eat: Ration            ||     1
Armor: Robe              ||     1
Dodge: Dodged            ||    23

Table legend:
 A = Spawn XP
 B = Non-spawn XP
 C = Spawn XP percentage of total XP
 D = Spawn monster count
 E = Non-spawn monster count
 F = Spawn count percentage of total count
 G = Total turns spent on level
                    A         B        C        D         E        F      G
               +---------+---------+-------+---------+---------+-------+---------
         Total |       0 |      19 |   0.0 |       0 |      11 |   0.0 |   215
               +---------+---------+-------+---------+---------+-------+---------
           D:1 |       0 |       6 |   0.0 |       0 |       4 |   0.0 |    34
           D:2 |       0 |       5 |   0.0 |       0 |       2 |   0.0 |    24
           D:3 |       0 |       6 |   0.0 |       0 |       4 |   0.0 |    93
           D:4 |       0 |       2 |   0.0 |       0 |       1 |   0.0 |    61
               +---------+---------+-------+---------+---------+-------+---------

Table legend:
 A = Turns spent in this place as a percentage of turns spent in the entire game.
 B = Non-inter-level travel turns spent in this place as a percentage of non-inter-level travel turns spent in the entire game.
 C = Inter-level travel turns spent in this place as a percentage of turns spent in this place.
 D = Turns resting spent in this place as a percentage of non-inter-level travel turns spent in this place.
 E = Turns spent auto-exploring this place as a percentage of non-inter-level travel turns spent in this place.
 F = Non-inter-level travel turns spent in this place divided by the number of levels of this place that you've seen.
                   A       B       C       D       E      F
               +-------+-------+-------+-------+-------+----------------------
         Total | 100.0 | 100.0 |   0.0 |   0.0 |   0.0 |  43.0
       Dungeon | 100.0 | 100.0 |   0.0 |   0.0 |   0.0 |  43.0
               +-------+-------+-------+-------+-------+----------------------

Table legend:
 A = Kills in this place as a percentage of kills in entire the game.
 B = Kills by you in this place as a percentage of kills by you in the entire game.
 C = Kills by friends in this place as a percentage of kills by friends in the entire game.
 D = Other kills in this place as a percentage of other kills in the entire game.
 E = Experience gained in this place as a percentage of experience gained in the entire game.
 F = Experience gained in this place divided by the number of levels of this place that you have seen.
                   A       B       C       D       E      F
               +-------+-------+-------+-------+-------+----------------------
         Total | 100.0 | 100.0 |   N/A |   N/A | 100.0 |   3.8
       Dungeon | 100.0 | 100.0 |   N/A |   N/A | 100.0 |   3.8
               +-------+-------+-------+-------+-------+----------------------

Vault maps used:
D:1:      dpeg_arrival_arbitrary_c, minivault_19
D:2:      uniq_crazy_yiuf_cottage
D:3:      first_ration
D:4:      old_standard_altar, kennysheep_mini_moat, minmay_temple_entry_hall,
          makhleb_heckhound_becter, uniq_pikel
D:5:      lemuel_blue_sif_altar
